 Dungeon Sprint DCSS version 0.28-a0-1190-g77e1c55843 (webtiles) character file.

Game seed: 8148869055923079647

1158 Conn the Arsonist (level 8, -7/46 HPs)
             Began as an Octopode Fire Elementalist on Dec 18, 2021.
             Was a Follower of Sif Muna.
             Shot with an arrow by a centaur warrior (29 damage)
             ... in the Dungeon (Sprint I: "Red Sonja").
             The game lasted 00:06:50 (570 turns).

Conn the Arsonist (Octopode Fire Elementalist)       Turns: 570, Time: 00:06:54

Health: -7/46      AC:  1    Str:  7    XL:     8   Next: 39%
Magic:  14/21      EV: 15    Int: 20    God:    Sif Muna [*.....]
Gold:   713        SH:  0    Dex: 12    Spells: 12/25 levels left

rFire   . . .      SeeInvis .   h - +1 short sword (drain)
rCold   . . .      Faith    .   (no shield)
rNeg    . . .      Spirit   .   (helmet restricted)
rPois   .          Reflect  .   (no amulet)
rElec   .          Harm     .   (no ring)
rCorr   .          Rampage  .   (no ring)
Will    .....      NoTele   +   (no ring)
Stlth   ++++......              (no ring)
HPRegen 0.15/turn               (no ring)
MPRegen 0.17/turn               (no ring)
                                (no ring)
                                (no ring)

@: no status effects
A: almost no armour, amphibious, 8 rings, camouflage 1, gelatinous body 1,
(nimble swimmer 1), tentacles
a: Renounce Religion, Channel Magic


You were in the Dungeon.
You worshipped Sif Muna.
Sif Muna was aware of your devotion.
You visited 1 branch You collected 713 gold pieces.

Inventory:

Hand Weapons
 g - a +0 dagger
 h - a +1 short sword of draining (weapon)
Missiles
 i - 2 curare-tipped darts (quivered)
Wands
 e - a wand of iceblast (1)
Scrolls
 f - a scroll of blinking
 j - a scroll of fog {unknown}
Potions
 a - 4 potions of curing
 c - a potion of haste
 d - 2 potions of magic


   Skills:
 + Level 7.0 Dodging
 + Level 7.3 Stealth
 + Level 9.0 Spellcasting
 + Level 2.5 Conjurations
 + Level 2.5 Hexes
 + Level 12.5 Fire Magic
 + Level 1.4 Evocations


You had 12 spell levels left.
You knew the following spells:

 Your Spells              Type           Power      Damage    Failure   Level
a - Foxfire               Conj/Fire      100%       2x1d9     1%          1
b - Conjure Flame         Conj/Fire      39%        6-21      1%          3
c - Inner Flame           Hex/Fire       39%        N/A       1%          3
d - Flame Wave            Conj/Fire      39%        2d7       3%          4
e - Scorch                Fire           100%       2d10      1%          2

Your spell library contained the following spells:

 Spells                   Type           Power      Damage    Failure   Level


Dungeon Overview and Level Annotations

Branches:
Dungeon (1/1)

Altars:
Cheibriados
Dithmenos
Elyvilon
Fedhas
Gozag
Hepliaklqana
Kikubaaqudgha
Makhleb
Nemelex Xobeh
Okawaru
Qazlal
Ru
Sif Muna
Trog
Uskayaw
Vehumet
Wu Jian
Xom
Yredelemnul
Zin
The Shining One
Jiyva
Lugonu

Shops:
D *(


Innate Abilities, Weirdness & Mutations

You cannot wear most types of armour.
You are amphibious.
You can wear up to eight rings at the same time.
Your skin changes colour to match your surroundings (Stealth+).
Your rubbery body absorbs attacks. (AC +1, EV +1)
((You are camouflaged near water. (Stealth+)))
You have tentacles for arms and can constrict up to eight enemies at once.


Message History

You feel much better.
The centaur warrior unwields a +0 shortbow.
The centaur warrior closely misses you. The centaur warrior kicks you.
Casting: Foxfire (safe; 1% risk of failure)
Press: ? - help, Q - select action, (/) - cycle Dir - look around, f - activate
Okay, then.
Unknown command.
Press < or > to pray at altars.
Okay, then.
Unknown command.
Press < or > to pray at altars.
Throw: 4 darts (curare)
Press: ? - help, Q - select action, (/) - cycle Shift-Dir - straight line, f/p - centaur warrior
Aim: a centaur warrior, quivering arrows (purple smoke, moderately wounded, inner flame, 64% to hit)
You throw a curare-tipped dart.
The curare-tipped dart barely misses the centaur warrior.
You hear a splash.
The centaur warrior barely misses you. x2
The centaur warrior hits you but does no damage.
The centaur warrior kicks you.
Throw: 3 darts (curare)
Press: ? - help, Q - select action, (/) - cycle Shift-Dir - straight line, f/p - centaur warrior
Aim: a centaur warrior, quivering arrows (moderately wounded, inner flame, 64% to hit)
You throw a curare-tipped dart.
The curare-tipped dart hits the centaur warrior.
The centaur warrior is poisoned.
The centaur warrior convulses.
Flame seeps out of the centaur warrior.
The centaur warrior seems to slow down.
The centaur warrior is moderately wounded.
Flame seeps out of the centaur warrior.
The centaur warrior is engulfed in blazing flames.
Flame seeps out of the centaur warrior.
The centaur warrior hits you! The centaur warrior closely misses you.
Flame seeps out of the centaur warrior.
The centaur warrior is engulfed in blazing flames.
Flame seeps out of the centaur warrior.
The centaur warrior wields a +0 shortbow.
The centaur warrior shoots an arrow.
The arrow hits you!!
Ouch! That really hurt!
You die...

######################
#<.#.[)..#..'..#__#..+
#..'..#..').#..'..'..#
#..#####'#####'#__####
#..####..#...#(####§(#
#..#__####..##.#§§≈.§#
#..#_____##'#_.c≈c§§.+
#⌠⌠#_.∩...'..._#§≈≈.c#
####_..__##_.#@# +####
#_____###†#(#
############.###
#∩........'...+
###++++####...#
###.### #.#'#.#
#.....# #.(...#


You could see a centaur warrior (inner flame, very poisoned, slow).

Vanquished Creatures
  Sonja (D)
  A slime creature (D)
  Sigmund (D)
  A yak (D)
  An ogre (D)
  A jelly (D)
  Ijyb (D)
  2 ballistomycete spores (D)
9 creatures vanquished.

Vanquished Creatures (others)
  17 foxfires (D)
17 creatures vanquished.

Grand Total: 26 creatures vanquished

Notes
Turn   | Place    | Note
-------+----------+-------------------------------------------
     0 | D        | Conn the Octopode Fire Elementalist began the quest for the
                  | Orb.
     0 | D        | Reached XP level 1. HP: 11/11 MP: 3/3
     1 | D        | Noticed Ijyb
    11 | D        | Killed Ijyb
    12 | D        | Reached skill level 5 in Fire Magic
    12 | D        | Reached XP level 2. HP: 17/17 MP: 4/6
   105 | D        | Learned a level 2 spell: Scorch
   112 | D        | Noticed an ogre
   115 | D        | Killed an ogre
   116 | D        | Reached skill level 7 in Fire Magic
   116 | D        | Reached XP level 3. HP: 21/21 MP: 6/8
   116 | D        | Reached XP level 4. HP: 27/27 MP: 7/10
   120 | D        | Learned a level 3 spell: Conjure Flame
   124 | D        | Learned a level 3 spell: Inner Flame
   136 | D        | Noticed Sigmund
   139 | D        | Killed Sigmund
   140 | D        | Reached skill level 5 in Dodging
   140 | D        | Reached skill level 5 in Stealth
   140 | D        | Reached skill level 5 in Spellcasting
   140 | D        | Reached skill level 9 in Fire Magic
   140 | D        | Reached XP level 5. HP: 23/31 MP: 4/13
   140 | D        | Reached XP level 6. HP: 27/36 MP: 4/14
   231 | D        | Found an ornate altar of the Wu Jian Council.
   231 | D        | Found a shimmering blue altar of Sif Muna.
   233 | D        | Found a radiant altar of Vehumet.
   237 | D        | Became a worshipper of Sif Muna the Loreminder
   271 | D        | Learned a level 4 spell: Flame Wave
   271 | D        | Found Oghadghu's Weapon Emporium.
   271 | D        | Found an ancient bone altar of Kikubaaqudgha.
   271 | D        | Found a hazy altar of Hepliaklqana.
   271 | D        | Found a stormy altar of Qazlal.
   271 | D        | Found a hide-covered altar of Uskayaw.
   271 | D        | Found a blossoming altar of Fedhas.
   271 | D        | Found a bloodstained altar of Trog.
   271 | D        | Found an iron altar of Okawaru.
   271 | D        | Found a basalt altar of Yredelemnul.
   271 | D        | Found a glowing golden altar of the Shining One.
   271 | D        | Found a snail-covered altar of Cheibriados.
   271 | D        | Found a sacrificial altar of Ru.
   271 | D        | Found a glowing silver altar of Zin.
   271 | D        | Found a shadowy altar of Dithmenos.
   271 | D        | Found a white marble altar of Elyvilon.
   271 | D        | Noticed a yak
   277 | D        | Killed a yak
   278 | D        | Reached skill level 1 in Hexes
   278 | D        | Reached skill level 10 in Fire Magic
   278 | D        | Reached skill level 1 in Evocations
   282 | D        | Found an opulent altar of Gozag.
   283 | D        | Found a sparkling altar of Nemelex Xobeh.
   316 | D        | Found a burning altar of Makhleb.
   316 | D        | Found a viscous altar of Jiyva.
   316 | D        | Found a shimmering altar of Xom.
   316 | D        | Found a corrupted altar of Lugonu.
   316 | D        | Noticed a slime creature
   326 | D        | Killed a slime creature
   326 | D        | Reached * piety under Sif Muna
   327 | D        | Reached skill level 11 in Fire Magic
   327 | D        | Reached XP level 7. HP: 41/41 MP: 7/18
   423 | D        | Noticed Sonja
   426 | D        | Killed Sonja
   427 | D        | Reached skill level 12 in Fire Magic
   427 | D        | Reached XP level 8. HP: 37/46 MP: 12/21
   528 | D        | Found Xieqycom's Assorted Antiques.
   552 | D        | Noticed a centaur warrior
   552 | D        | Noticed a centaur warrior
   570 | D        | Shot with an arrow by a centaur warrior

Illustrated notes

Levels and vault maps discovered:
D:        dungeon_sprint_1 [red_sonja_temple_1, red_sonja_temple_small_1]

Skill      XL: |  1  2  3  4  5  6  7 |
---------------+----------------------+-----
Stealth        | 3 4 5 6 7 |  7.3
Spellcasting   | 3 4 5 7 9 |  9.0
Fire Magic     | 5 7 9 11 12 | 12.5
Dodging        | 3 5 6 7 |  7.0
Hexes          | 1 2 |  2.5
Evocations     | 1 |  1.4
Conjurations   | 2 |  2.5

Action                   |  1- 3 |  4- 6 |  7- 9 || total
-------------------------+-------+-------+-------++-------
Melee: Unarmed           |     7 |       |       ||     7
       Tentacles         |     3 |       |       ||     3
       Constrict         |     1 |       |       ||     1
Throw: Dart              |       |       |     2 ||     2
 Cast: Scorch            |       |     3 |     3 ||     6
       Inner Flame       |       |     3 |     2 ||     5
       Foxfire           |       |     5 |     5 ||    10
       Conjure Flame     |       |     1 |       ||     1
Evoke: Wand              |     2 |       |     1 ||     3
  Use: Potion            |     1 |       |     1 ||     2
Armor: Skin              |       |       |     1 ||     1
Dodge: Dodged            |     2 |     2 |     6 ||    10

Table legend: (Time is in decaauts)
 A = Elapsed time spent in this place.
 B = Non-inter-level travel time spent in this place.
 C = Inter-level travel time spent in this place.
 D = Time resting spent in this place.
 E = Time spent auto-exploring this place.
 F = Levels seen in this place.
 G = Mean time per level.
                   A        B        C        D        E       F      G
               +--------+--------+--------+--------+--------+-----+--------+
         Total |    573 |    573 |      0 |    277 |      0 |   1 |  573.0 |
       Dungeon |    573 |    573 |      0 |    277 |      0 |   1 |  573.0 |
               +--------+--------+--------+--------+--------+-----+--------+

Top non-repeatable levels by time:
       D: 573 daAuts
